 Dungeon Crawl Stone Soup version 0.28-a0-1152-g9c71ebef14 (webtiles) character file.

Game seed: 8140417359096600679

233 cheechan the Cutter (level 6, -9/44 HPs)
             Began as an Octopode Chaos Knight on Dec 14, 2021.
             Was a Plaything of Xom.
             Mangled by Terence (18 damage)
             ... on level 2 of the Dungeon.
             The game lasted 00:06:20 (1452 turns).

cheechan the Cutter (Octopode Chaos Knight)         Turns: 1452, Time: 00:06:20

Health: -9/44      AC:  1    Str: 11    XL:     6   Next: 5%
Magic:  6/6        EV:  9    Int: 14    God:    Xom [...*..]
Gold:   72         SH: 11    Dex: 14    Spells: 5/5 levels left

rFire   x . .      SeeInvis .   a - +1 short sword (chaos)
rCold   + . .      Faith    .   c - +1 tower shield
rNeg    . . .      Spirit   .   (helmet restricted)
rPois   .          Reflect  .   (no amulet)
rElec   .          Harm     .   j - ring of ice
rCorr   .          Rampage  .   (no ring)
Will    .....                   (no ring)
Stlth   +++.......              (no ring)
HPRegen 0.14/turn               (no ring)
MPRegen 0.10/turn               (no ring)
                                (no ring)
                                (no ring)

@: invisible
A: almost no armour, amphibious, 8 rings, camouflage 1, gelatinous body 1,
(nimble swimmer 1), tentacles
a: Renounce Religion


You were on level 2 of the Dungeon.
You worshipped Xom.
You were a favourite toy of Xom.
You visited 1 branch of the dungeon, and saw 2 of its levels.

You collected 72 gold pieces.

Inventory:

Hand Weapons
 a - a +1 short sword of chaos (weapon)
Missiles
 b - 17 bolts
 h - 28 stones (quivered)
Armour
 c - a +1 tower shield (worn)
Jewellery
 j - a ring of ice (left tentacle)
Scrolls
 d - 2 scrolls of blinking
Potions
 e - a potion of flight {unknown}
 f - a potion of heal wounds
 g - a potion of magic


   Skills:
 + Level 4.3 Fighting
 + Level 4.5 Short Blades
 + Level 3.1 Dodging
 + Level 3.5 Stealth
 + Level 0.3 Shields


You had 5 spell levels left.
You didn't know any spells.
Your spell library contained the following spells:

 Spells                   Type           Power      Damage    Failure   Level
 Ensorcelled Hibernation  Hex/Ice        0%         N/A       100%        2
 Spider Form              Tmut/Pois      0%         N/A       100%        3


Dungeon Overview and Level Annotations

Branches:
Dungeon (2/15)

Altars:
Ru

Annotations:
D:2 Terence


Innate Abilities, Weirdness & Mutations

You cannot wear most types of armour.
You are amphibious.
You can wear up to eight rings at the same time.
Your skin changes colour to match your surroundings (Stealth+).
Your rubbery body absorbs attacks. (AC +1, EV +1)
((You are camouflaged near water. (Stealth+)))
You have tentacles for arms and can constrict up to eight enemies at once.


Message History

The jackal bites you but does no damage.
You barely miss the jackal.
The jackal is heavily wounded.
You constrict the jackal. You block the jackal's attack.
You hit the jackal.
You feel better.
You kill the jackal!
You see here a jackal corpse.
Found a sacrificial altar of Ru.
Found an escape hatch in the floor.
Terence the Incautious comes into view.
He is wielding a +5 flail of protection.
Okay, then.
Blink to where?
Press: ? - help, Dir - move target
As you read the scroll of blinking, it crumbles to dust.
You fade into invisibility!
You hit Terence but do no damage.
Terence seems to grow stronger.
Xom is amused.
You grab Terence.
You constrict Terence, but do no damage.
You block Terence's attack.
You hit Terence but do no damage.
You constrict Terence, but do no damage.
Terence shouts!
Terence barely misses you. Terence closely misses you.
You hit Terence but do no damage. You drain Terence.
Terence is moderately wounded.
You constrict Terence, but do no damage.
Terence closely misses you.
You hit Terence.
Terence is moderately wounded.
You constrict Terence, but do no damage.
Terence hits you with a +5 flail of protection!
You hit Terence.
Terence flickers and vanishes!
Deactivating autopickup; reactivate with Ctrl-A.
You constrict something. Something hits you!
You hit something.
Nothing appears to happen.
You constrict something. Something hits you!
* * * LOW HITPOINT WARNING * * *
You closely miss something. You constrict something. Something hits you!!
You die...

#.#..< .>....#
#.#... #..#.#
..#....
#....### .##
##.....# ..#
##....# #.#..#
##...#######
###..#
##..#.....#
..#..#
##{......#
#.#..#
#.@.._..#
###..##
#.......#
..#...#
#.......#
###...##
###...###
.......########
##.##
######........#
#.# ########.#
#.# #.####.#
#....#.######


There were no monsters in sight!

Vanquished Creatures
  Sigmund (D:2)
  Natasha (D:2)
  2 adders (D:2)
  2 endoplasms
  A giant cockroach (D:2)
  A goblin (D:2)
  6 hobgoblins
  2 jackals (D:2)
  7 ball pythons
  5 bats
  2 frilled lizards (D:1)
  3 kobolds (D:1)
  3 rats
36 creatures vanquished.

Vanquished Creatures (others)
  A plant (D:1)
1 creature vanquished.

Grand Total: 37 creatures vanquished

Notes
Turn   | Place    | Note
-------+----------+-------------------------------------------
     0 | D:1      | cheechan the Octopode Chaos Knight began the quest for the
                  | Orb.
     0 | D:1      | Reached XP level 1. HP: 16/16 MP: 1/1
   371 | D:1      | XOM: silly message
   443 | D:1      | Reached XP level 2. HP: 13/21 MP: 2/2
   832 | D:1      | XOM: silly message
   902 | D:2      | XOM is BORED!
   902 | D:2      | XOM: noise
   943 | D:2      | Noticed Sigmund
   946 | D:2      | XOM: noise
   952 | D:2      | Killed Sigmund
   953 | D:2      | Reached XP level 3. HP: 6/27 MP: 3/3
   953 | D:2      | Reached XP level 4. HP: 7/33 MP: 4/4
   953 | D:2      | Reached XP level 5. HP: 8/37 MP: 5/5
  1143 | D:2      | Noticed Natasha
  1150 | D:2      | Killed Natasha
  1186 | D:2      | XOM: silly message
  1364 | D:2      | Reached XP level 6. HP: 34/43 MP: 6/6
  1417 | D:2      | Found a sacrificial altar of Ru.
  1435 | D:2      | Noticed Terence
  1452 | D:2      | Mangled by Terence

Illustrated notes

Levels and vault maps discovered:
D:1:      lightli_arrival_flooded_house, layout_basic, minmay_statues_item
D:2:      minmay_razor_zed, layout_rooms, basic_altar,
          kennysheep_generic_room_2, uniq_sigmund, uniq_natasha, uniq_terence

Skill      XL: |  1  2  3  4  5 |
---------------+----------------+-----
Fighting       | 4 |  4.3
Short Blades   | 4 |  4.5
Dodging        | 3 |  3.1
Stealth        | 2 3 |  3.5
Shields        | |  0.3

Action                   |  1- 3 |  4- 6 || total
-------------------------+-------+-------++-------
Melee: Short sword       |    34 |    40 ||    74
       Constrict         |     9 |    10 ||    19
       Tentacles         |     6 |     2 ||     8
  Use: Scroll            |     4 |     6 ||    10
       Potion            |       |     1 ||     1
 Stab: Sleeping          |     4 |     1 ||     5
       Paralysed         |     1 |       ||     1
Armor: Skin              |       |     3 ||     3
Dodge: Dodged            |     9 |    18 ||    27
Block: Tower shield      |     8 |    29 ||    37

Table legend: (Time is in decaauts)
 A = Elapsed time spent in this place.
 B = Non-inter-level travel time spent in this place.
 C = Inter-level travel time spent in this place.
 D = Time resting spent in this place.
 E = Time spent auto-exploring this place.
 F = Levels seen in this place.
 G = Mean time per level.
                   A        B        C        D        E       F      G
               +--------+--------+--------+--------+--------+-----+--------+
         Total |   1487 |   1487 |      0 |      0 |      0 |   2 |  743.5 |
       Dungeon |   1487 |   1487 |      0 |      0 |      0 |   2 |  743.5 |
               +--------+--------+--------+--------+--------+-----+--------+

Top non-repeatable levels by time:
     D:1: 843 daAuts
     D:2: 643 daAuts
